 Dungeon Crawl Stone Soup version 0.30-a0-800-g7c544603b3 (webtiles) character file.

Game seed: 8773488017120609003

8319 oldmanjim the Nimble (level 11, -5/84 HPs)
             Began as a Djinni Conjurer on Feb 17, 2023.
             Was a Believer of Makhleb.
             Slain by a black mamba (8 damage)
             ... on level 1 of the Lair of Beasts on Feb 22, 2023.
             The game lasted 01:28:51 (12934 turns).

oldmanjim the Nimble (Djinni Conjurer)             Turns: 12934, Time: 01:28:51

Health: -5/84      AC:  9    Str:  6    XL:     11   Next: 53%
Gold:   312        EV: 16    Int: 24    God:    Makhleb [**....] SH:  0 Dex: 18

rFire   + + .      SeeInvis .    a - +3 dagger (speed)
rCold   x . .      Faith    .    (no shield)
rNeg    . . .      Spirit   .    s - +0 acid dragon scales
rPois   ∞          Reflect  .    (no helmet)
rElec   .          Harm     .    u - +2 cloak
rCorr   +          Rampage  .    (no gloves)
Will    ++...                    (boots unavailable)
Stlth   ++                       (no amulet)
HPRegen 0.34/turn                d - ring of willpower
MPRegen 0.00/turn                B - +6 ring of dexterity

@: about to teleport, flying
A: sickness immunity, fire resistance 2, cold vulnerability 1, float, innate
caster, HP casting, extra vitality 1
a: Renounce Religion, Minor Destruction


You were on level 1 of the Lair of Beasts.
You worshipped Makhleb.
Makhleb was pleased with you.
You visited 3 branches of the dungeon, and saw 12 of its levels.

You collected 312 gold pieces.

Inventory:

Hand Weapons
 a - a +3 dagger of speed (weapon)
Missiles
 c - 5 boomerangs
 q - 10 javelins
 A - 2 throwing nets
 K - 16 poisoned darts
 N - 83 stones
Armour
 h - a +0 robe
 s - +0 acid dragon scales (worn)
 u - a +2 cloak (worn)
 x - a scarf of invisibility
 C - a +2 buckler
Magical Staves
 b - a staff of conjuration
 p - a staff of earth
Jewellery
 d - a ring of willpower (left hand)
 B - a +6 ring of dexterity (right hand)
Wands
 o - a wand of mindburst (5)
 H - a wand of paralysis (5)
 I - a wand of flame (18)
Scrolls
 e - a scroll of brand weapon
 l - 2 scrolls of fog
 n - 4 scrolls of blinking
 r - 2 scrolls of teleportation
 v - 5 scrolls of identify
 y - 2 scrolls of enchant armour
 E - a scroll of poison
 G - a scroll of vulnerability
 J - a scroll of summoning {unknown}
 L - 2 scrolls of magic mapping
Potions
 f - 2 potions of berserk rage
 g - 2 potions of haste {unknown}
 i - 3 potions of lignification {unknown}
 j - 6 potions of curing
 k - 2 potions of magic {unknown}
 m - 2 potions of mutation {unknown}
 t - 3 potions of attraction {unknown}
 w - 3 potions of heal wounds {unknown}
 D - a potion of resistance {unknown}
 F - a potion of ambrosia {unknown}
 M - a potion of cancellation {unknown}


   Skills:
 + Level 9.6 Fighting
 * Level 2.1 Armour
 - Level 10.0 Dodging
 - Level 1.5 Stealth
 + Level 1.2 Shields
 + Level 8.0 Spellcasting
 + Level 5.2 Invocations


You knew the following spells:

 Your Spells              Type           Power      Damage    Failure   Level
a - Magic Dart            Conj           100%       1d8       1%          1
b - Searing Ray           Conj           96%        2d7       1%          2
c - Dazzling Flash        Conj/Hex       96%        N/A       1%          3
d - Fulminant Prism       Conj/Hex       24%        3d12      4%          4
e - Iskenderun's Mystic   Conj/Tloc      48%        2d11      4%          4
f - Freeze                Ice            100%       1d10      1%          1
g - Blink                 Tloc           96%        N/A       1%          2
h - Wereblood             Tmut           48%        N/A       1%          2
i - Vhi's Electric Charg  Tloc/Air       96%        N/A       1%          3
j - Passage of Golubria   Tloc           48%        N/A       4%          4
Your spell library was empty.

Dungeon Overview and Level Annotations

Branches:
Dungeon (10/15)            Temple (1/1) D:6            Lair (1/5) D:9
    Orc: D:9-12

Altars:
Ashenzari
Cheibriados
Dithmenos
Elyvilon
Fedhas
Gozag
Hepliaklqana
Makhleb
Nemelex Xobeh
Okawaru
Qazlal
Ru
Trog
Uskayaw
Wu Jian
Xom
Yredelemnul
Zin
The Shining One

Shops:
D:5 =

Annotations:
D:7 2 transporters, domi's ghost, novice DsCj


Innate Abilities, Weirdness & Mutations

You are immune to sickness and miasma.
You are immune to poison.
Your flesh is very heat resistant. (rF++)
You are vulnerable to cold. (rC-)
You float through the air rather than walking.
You learn spells naturally, not from books.
Your magical power is your life essence.
You have superior vitality. (+4 MHP)


Message History

The wyvern completely misses you. The black mamba bites you!
The wyvern barely misses you. The black mamba bites you.
Casting: Iskenderun's Mystic Blast (dangerous; 4% risk of failure)
Confirm with . or Enter, or press ? or * to list all spells.
You erupt in a blast of force!
The mystic blast hits the black mamba!
The black mamba is severely wounded.
The mystic blast hits the wyvern.
The wyvern is heavily wounded.
The wyvern is knocked back by the mystic blast.
The black mamba bites you!
* * * LOW HITPOINT WARNING * * *
The black mamba bites you!
* * * LOW HITPOINT WARNING * * *
The black mamba bites you!
* * * LOW HITPOINT WARNING * * *
Casting: Iskenderun's Mystic Blast (dangerous; 4% risk of failure)
Confirm with . or Enter, or press ? or * to list all spells.
You don't have enough health to cast this spell.
Unknown command.
Unknown command.
Unknown command.
Unknown command.
Unknown command.
Unknown command.
Unknown command.
Unknown command.
Unknown command.
Unknown command.
Blink to where?
Press: ? - help, Dir - move target
Found a condenser vane and 12 gold pieces.
As you read the scroll of blinking, it crumbles to dust.
Aiming: Mindburst
Press: ? - help, Shift-Dir - straight line, f - black mamba
Aim: a black mamba (severely wounded, chance to affect: 64%)
The black mamba struggles to resist.
As you read the scroll of teleportation, it crumbles to dust.
You feel strangely unstable. The black mamba bites you!
You die...

,,,,,,,,,**,,,**,,,**
,****,,,,,,,,,,,***##***
,,,,*,*,,,***,,#*##.#,,*
,*,**,***,,*,,,.,...,,**
,*,,,,,,,*,,,*,.#.$#***
,**,***,,*,,*###...###
,,,,,,,,,,,*##.....}.#
****,**,,*###........#
*,,,,**#.....@....#
***,,,*###.....S...##
*,,,,**#...........#
##..**,##.......l...#
...***##............###
..*,* #...............##
.,*** ##....[..........#
#** #.........<.....#*
#### *#...........####


You could see a black mamba and a wyvern.

Vanquished Creatures
  A two-headed ogre (D:9)
  Maurice (D:9)
  A cane toad (Lair:1)
  2 hornets
  4 yaks
  2 wyverns (D:9)
  Menkaure (D:5)
  An acid dragon (D:8)
  9 water moccasins
  7 orc warriors
  5 black bears
  2 ice beasts
  3 centaurs
  5 bullfrogs
  2 kobold brigands
  2 necrophages
  7 scorpions
  8 wights
  A howler monkey (D:9)
  10 orc priests
  6 hounds
  5 gnoll boudas
  4 jellies
  5 iguanas
  Ijyb (D:5)
  12 orc wizards
  21 gnolls
  13 adders
  A shadow imp (D:7)
  An ufetubus (D:5)
  4 worms
  2 dart slugs
  23 orcs
  9 ball pythons
  5 bats
  9 endoplasms
  2 giant cockroaches
  8 goblins
  9 hobgoblins
  3 jackals (D:3)
  19 kobolds
  6 quokkas
  A frilled lizard (D:1)
  5 rats
248 creatures vanquished.

Vanquished Creatures (others)
  144 fulminant prisms
  45 fungi (D:9)
  39 plants
228 creatures vanquished.

Grand Total: 476 creatures vanquished

Notes
Turn   | Place    | Note
-------+----------+-------------------------------------------
     0 | D:1      | oldmanjim the Djinni Conjurer began the quest for the Orb.
     0 | D:1      | oldmanjim set off with the following spells memorised:
                  | Magic Dart, Searing Ray, Dazzling Flash, Fulminant Prism,
                  | Iskenderun's Mystic Blast.
     0 | D:1      | Reached XP level 1. HP: 15/15 MP: 0/0
    66 | D:1      | Reached XP level 2. HP: 15/22 MP: 0/0
   274 | D:1      | Reached skill level 1 in Fighting
   377 | D:1      | Reached XP level 3. HP: 25/27 MP: 0/0
   377 | D:1      | Learned a level 1 spell: Freeze
   469 | D:1      | Found a faded altar of an unknown god.
   788 | D:1      | Reached skill level 3 in Dodging
  1094 | D:2      | Reached XP level 4. HP: 28/33 MP: 0/0
  2069 | D:3      | Reached XP level 5. HP: 36/38 MP: 0/0
  2069 | D:3      | Learned a level 2 spell: Blink
  2805 | D:4      | Noticed a black bear
  2881 | D:4      | Killed a black bear
  2882 | D:4      | Reached skill level 4 in Dodging
  2882 | D:4      | Reached XP level 6. HP: 24/46 MP: 0/0
  3143 | D:4      | Found a blossoming altar of Fedhas.
  3388 | D:4      | Reached XP level 7. HP: 30/51 MP: 0/0
  3388 | D:4      | Learned a level 2 spell: Wereblood
  3873 | D:5      | Entered Level 5 of the Dungeon
  3887 | D:5      | Reached skill level 5 in Dodging
  3918 | D:5      | Noticed Menkaure
  4121 | D:5      | Reached XP level 8. HP: 55/58 MP: 0/0
  4169 | D:5      | Reached skill level 5 in Spellcasting
  4439 | D:5      | Reached skill level 6 in Dodging
  4499 | D:5      | Reached skill level 5 in Fighting
  4746 | D:5      | Noticed Ijyb
  4752 | D:5      | Killed Ijyb
  5052 | D:5      | Killed Menkaure
  5274 | D:5      | You are sucked into a shaft and drop 3 floors!
  5277 | D:8      | Found an ornate altar of the Wu Jian Council.
  5290 | D:8      | Reached XP level 9. HP: 54/66 MP: 0/0
  5290 | D:8      | Learned a level 3 spell: Vhi's Electric Charge
  5320 | D:8      | Reached skill level 7 in Dodging
  6080 | D:7      | Noticed a hornet
  6116 | D:7      | Found a transporter.
  6153 | D:7      | Killed a hornet
  6296 | D:5      | Found a sparkling altar of Nemelex Xobeh.
  6299 | D:5      | Found a burning altar of Makhleb.
  6302 | D:5      | Became a worshipper of Makhleb the Destroyer
  6308 | D:5      | Found a white marble altar of Elyvilon.
  6319 | D:5      | Found Qaojim's Jewellery Shop.
  6631 | D:6      | Reached skill level 8 in Dodging
  6719 | D:6      | Found a staircase to the Ecumenical Temple.
  6731 | Temple   | Entered the Ecumenical Temple
  6953 | D:6      | Found a stormy altar of Qazlal.
  7632 | D:7      | Found a glowing golden altar of the Shining One.
  7673 | D:7      | Reached XP level 10. HP: 69/75 MP: 0/0
  8058 | D:7      | Found a transporter.
  8062 | D:7      | Noticed domi's ghost (novice DsCj)
  8519 | D:8      | Reached skill level 9 in Dodging
  8522 | D:8      | Reached * piety under Makhleb
  8785 | D:8      | Reached skill level 1 in Invocations
  9218 | D:8      | Upgraded the game from 0.30-a0-779-g7971cf19c3 to
                  | 0.30-a0-782-ge64f9170bb
 10079 | D:9      | Upgraded the game from 0.30-a0-782-ge64f9170bb to
                  | 0.30-a0-800-g7c544603b3
 10089 | D:9      | Reached XP level 11. HP: 71/82 MP: 0/0
 10089 | D:9      | Learned a level 4 spell: Passage of Golubria
 10293 | D:9      | Noticed a two-headed ogre
 10305 | D:9      | Killed a two-headed ogre
 10306 | D:9      | Reached skill level 10 in Dodging
 10356 | D:9      | Noticed Maurice
 10384 | D:9      | Reached ** piety under Makhleb
 10612 | D:9      | Found a transporter.
 10621 | D:9      | Found a transporter.
 10805 | D:9      | Found a staircase to the Lair.
 10843 | D:9      | Killed Maurice
 10844 | D:9      | Reached skill level 5 in Invocations
 10931 | D:9      | Found a hazy altar of Hepliaklqana.
 11085 | D:9      | Found a transporter.
 11130 | D:9      | Found a transporter.
 11340 | D:10     | Entered Level 10 of the Dungeon
 11543 | D:10     | Reached skill level 1 in Armour
 11967 | D:10     | Reached skill level 1 in Shields
 12596 | Lair:1   | Entered Level 1 of the Lair of Beasts
 12637 | Lair:1   | HP: 3/84 [bullfrog (3)]
 12931 | Lair:1   | HP: 2/84 [black mamba (12)]
 12934 | Lair:1   | Slain by a black mamba

Illustrated notes

Levels and vault maps discovered:
D:1:      dpeg_arrival_rhombus, layout_loops_ring,
          shapermc_ecumenical_altar_pompeii
D:2:      layout_basic, minivault_14
D:3:      layout_loops_ring
D:4:      layout_loops_ring, lemuel_tele_altar
D:5:      layout_cave_pools, minitemple, serial_shops, shop,
          serial_column_ruins, column_ruins_grid_1, column_ruins_open_tiny,
          column_ruins_corridor_corner, column_ruins_open_small_water,
          column_ruins_grid_4, uniq_ijyb, uniq_menkaure
D:6:      layout_basic, general_overflow_altar, minmay_temple_entry_slanted,
          hangedman_decor_slide_cut
D:7:      layout_basic, lemuel_doored_altar, gammafunk_ghost_stat_death
D:8:      layout_basic, lemuel_crystal_altar
D:9:      layout_long_grid, worldfamousw_hep_ancestral_shrine,
          due_lair_maze_entry_diamond, nicolae_transporter_intersection,
          uniq_maurice
D:10:     layout_loops_ring, minivault_26
Temple:   zaba_magenta_temple
Lair:1:   layout_cave_pods, enter_volcano_4, roderic_batcave,
          beast_lair_carwin_5

Skill      XL: |  1  2  3  4  5  6  7  8  9 10 11 |
---------------+----------------------------------+-----
Fighting       | 1 2 3 4 5 7 8 9 |  9.6
Dodging        | 3 4 5 6 8 9 10 | 10.0
Spellcasting   | 4 5 6 7 8 |  8.0
Invocations    | 3 5 |  5.2
Armour         | 2 |  2.1
Shields        | 1 |  1.2
Stealth        | |  1.5

Action                     |  1- 3 |  4- 6 |  7- 9 | 10-12 || total
---------------------------+-------+-------+-------+-------++-------
  Melee: Dagger            |    15 |    32 |    27 |    36 ||   110
         Punch             |       |       |     1 |       ||     1
         Staff             |       |       |       |     5 ||     5
   Cast: Magic Dart        |    66 |    78 |    86 |    33 ||   263
         Searing Ray       |       |    15 |    20 |    29 ||    64
         Fulminant Prism   |       |    11 |    41 |    92 ||   144
         Iskenderun's Myst |       |       |     8 |    19 ||    27
         Blink             |       |       |       |     3 ||     3
         Passage of Golubr |       |       |       |     2 ||     2
  Evoke: Wand              |       |       |       |     4 ||     4
    Use: Scroll            |       |       |     9 |    15 ||    24
   Stab: Sleeping          |     1 |     2 |     1 |       ||     4
 Armour: Robe              |     3 |     4 |    12 |     1 ||    20
         Acid dragon scale |       |       |       |    49 ||    49
  Dodge: Dodged            |    17 |    20 |    39 |    91 ||   167

Table legend: (Time is in decaauts)
 A = Elapsed time spent in this place.
 B = Non-inter-level travel time spent in this place.
 C = Inter-level travel time spent in this place.
 D = Time resting spent in this place.
 E = Time spent auto-exploring this place.
 F = Levels seen in this place.
 G = Mean time per level.
                   A        B        C        D        E       F      G
               +--------+--------+--------+--------+--------+-----+--------+
         Total |  12907 |  12355 |    552 |   2482 |   7471 |  12 | 1075.6 |
       Dungeon |  12786 |  12252 |    534 |   2482 |   7421 |  10 | 1278.6 |
        Temple |     73 |     55 |     18 |      0 |     50 |   1 |   73.0 |
          Lair |     47 |     47 |      0 |      0 |      0 |   1 |   47.0 |
               +--------+--------+--------+--------+--------+-----+--------+

Top non-repeatable levels by time:
     D:8: 2126 daAuts
     D:4: 1622 daAuts
     D:9: 1548 daAuts
    D:10: 1316 daAuts
     D:7: 1311 daAuts
     D:3: 1084 daAuts
     D:6: 1066 daAuts
     D:1: 1051 daAuts
     D:5: 887 daAuts
     D:2: 772 daAuts
  Temple: 73 daAuts
  Lair:1: 47 daAuts
